 Dungeon Crawl Stone Soup version 0.32-a0-696-g5fa0bccb63 (webtiles) character file.

Game seed: 12594004521421816921

1435 Ajdolov the Spear-Bearer (level 8, -2/46 (63) HPs)
             Began as a Mountain Dwarf Monk on Mar 13, 2024.
             Slain by a troll (10 damage)
             ... on level 5 of the Dungeon.
             The game lasted 00:12:31 (6368 turns).

Ajdolov the Spear-Bearer (Mountain Dwarf Monk)      Turns: 6368, Time: 00:12:31

HP:   -2/46 (63)    AC: 11    Str: 13    XL:     8   Next: 45%
MP:   8/8           EV:  2    Int: 14    God:
Gold: 212           SH:  0    Dex: 12    Spells: 7/7 levels left

rFire   . . .        q - +0 whip (elec)
rCold   . . .        d - orb {light}
rNeg    . . .        k - +0 plate armour
rPois   .            (no helmet)
rElec   .            (no cloak)
rCorr   .            (no gloves)
SInv    .            B - +0 pair of boots
Will    .....        (no amulet) Stlth
                     (no ring)
HPRegen 0.27/turn    (no ring)
MPRegen 0.11/turn

%: no passive effects
@: mighty, glowing, very heavily drained
A: runic magic, artefact enchanting
a: no special abilities


You were on level 5 of the Dungeon.
You visited 1 branch of the dungeon, and saw 5 of its levels.
You also visited: Sewer and Ossuary.

You collected 212 gold pieces.

Inventory:

Hand Weapons
 q - a +0 whip of electrocution (weapon)
 G - a +0 trident
Armour
 d - an orb of light (worn)
 k - a +0 plate armour (worn)
 B - a +0 pair of boots (worn)
Jewellery
 h - an amulet of magic regeneration
 i - a ring of wizardry
 v - a ring of fire
Wands
 w - a wand of mindburst (11)
Scrolls
 e - a scroll of poison {unknown}
 f - a scroll of enchant weapon {unknown}
 g - a scroll of enchant armour {unknown}
 j - 2 scrolls of teleportation
 m - 3 scrolls of amnesia
 n - a scroll of revelation {unknown}
 y - a scroll of fear {unknown}
 A - a scroll of blinking
 C - 2 scrolls of immolation
 F - 2 scrolls of vulnerability
Potions
 a - a potion of attraction {unknown}
 b - 2 potions of haste {unknown}
 c - a potion of ambrosia
 l - 2 potions of curing {unknown}
 o - 2 potions of might
 p - 2 potions of brilliance {unknown}
 r - 2 potions of cancellation {unknown}
 s - 3 potions of invisibility {unknown}
 t - a potion of mutation {unknown}
 u - a potion of heal wounds {unknown}
 x - 2 potions of resistance {unknown}
 z - a potion of enlightenment {unknown}
 D - 2 potions of degeneration {unknown}
 E - 2 potions of lignification {unknown}


   Skills:
 - Level 3.2 Fighting
 * Level 4.1 Maces & Flails
 + Level 9.6 Polearms
 - Level 2.1 Dodging
 - Level 4.0 Evocations


You had 7 spell levels left.
You didn't know any spells.
Your spell library contained the following spells:

 Spells                   Type           Power      Damage    Failure   Level
 Necrotise                Necr           0%         1d4       71%         1
 Lesser Beckoning         Tloc           0%         N/A       85%         2
 Gell's Gravitas          Tloc           0%         N/A       97%         3
 Teleport Other           Tloc           0%         N/A       97%         3
 Vampiric Draining        Necr           0%         2d6       97%         3
 Martyr's Knell           Necr/Summ      0%         N/A       100%        4
 Curse of Agony           Necr           0%         N/A       100%        5


Dungeon Overview and Level Annotations

Branches:
Dungeon (5/15)              Sewer (visited)         Ossuary (visited)
 Temple: D:4-7

Altars:
Hepliaklqana
Uskayaw

Shops:
D:1 *

Annotations:
D:2 1 runed translucent door, Crazy Yiuf


Innate Abilities, Weirdness & Mutations

Your spellcasting is much less encumbered by armour.
You can use scrolls of enchantment on lesser artefacts.


Message History

You open the door.
There is an open door here.
An iguana comes into view.
The iguana hisses angrily.
An ogre comes into view. It is wielding a +0 giant club.
The ogre shouts!
You hear a shout!
The iguana bites you.
You hit the iguana but do no damage.
The iguana bites you but does no damage.
You hit the iguana. Lightning courses through the iguana!
The iguana is almost dead.
You hit the iguana. Lightning courses through the iguana!
You kill the iguana!
There is an open door here.
You close the door.
An ogre opens the door.
Found 12 gold pieces.
There is an open door here.
You feel very mighty all of a sudden.
You whack the ogre!
The ogre is moderately wounded.
The ogre hits you with a +0 giant club!
You hit the ogre. Lightning courses through the ogre!
The ogre is almost dead.
The ogre hits you but does no damage.
You whack the ogre!
You kill the ogre!
Your Maces & Flails skill increases to level 4!
You whack the troll! Lightning courses through the troll!
The troll is heavily wounded.
The troll bites you. The troll claws you! The troll claws you.
* * * LOW HITPOINT WARNING * * *
You whack the troll!
The troll is severely wounded.
The troll barely misses you. The troll claws you but does no damage.
The troll claws you.
* * * LOW HITPOINT WARNING * * *
You whack the troll!
The troll is almost dead.
The troll bites you!
You die...

...#)# ##.###.##..#####. ####.#
.#.#.###.## ##.#........$ .#
.#.#.##.## ##.#.#####.# ####
.#.#.###.## ##.##.# ##'## ..#
.....# ##.###.....# ##...## #.#
)..### ##.#.########.....## #.#
#..# ##.#.## ##.......## #..
...########....####.........####.
......).....#...@T'.........'....
...######..###..###.........####.
#.## #.## ##.####.......## ## #.#
...[ #....###.....## # #.# ..#.##
##.#..#.....## ..# #..####
####...##'## ### #.# ##..##.# #.
#..###.# #..## #.#


You could see a troll.

Vanquished Creatures
  Sigmund (D:3)
  Duvessa (D:5)
  An ogre (D:5)
  A phantom (D:5)
  An elf zombie (Ossuary)
  Dowan (D:5)
  2 bombardier beetles
  A hound (D:5)
  5 human zombies (Ossuary)
  A jelly (D:5)
  4 iguanas
  Ijyb (D:3)
  3 orc wizards
  4 hound zombies (Ossuary)
  3 mummies
  3 gnolls
  5 adders
  7 river rats (Sewer)
  6 adder zombies (Ossuary)
  3 dart slugs
  3 ribbon worms
  7 orcs
  10 ball pythons
  7 endoplasms
  4 giant cockroaches
  9 goblins
  2 hobgoblins
  4 jackals (D:5)
  5 quokkas
  5 bats
  5 frilled lizards
  6 gnoll zombies (Ossuary)
  2 goblin zombies (D:4)
  4 jackal zombies (Ossuary)
  20 kobolds
  4 kobold zombies (Ossuary)
  7 orc zombies (Ossuary)
  22 rats
180 creatures vanquished.

Notes
Turn   | Place    | Note
-------+----------+-------------------------------------------
     0 | D:1      | Ajdolov the Mountain Dwarf Monk began the quest for the
                  | Orb.
     0 | D:1      | Reached XP level 1. HP: 19/19 MP: 1/1
   195 | D:1      | Reached XP level 2. HP: 18/26 MP: 2/2
   230 | D:1      | You fall into a shaft and drop 1 floor!
   449 | D:1      | Found Tuwnezu's Assorted Antiques.
   604 | D:2      | Reached skill level 4 in Polearms
   666 | D:2      | Reached XP level 3. HP: 14/31 MP: 3/3
   962 | D:2      | Found a faded altar of an unknown god.
  1277 | D:2      | Found a runed translucent door.
  1278 | D:2      | Noticed Crazy Yiuf
  1718 | D:3      | Noticed Sigmund
  1817 | D:3      | Found a glowing drain.
  1863 | Sewer    | Entered a sewer
  1906 | Sewer    | Reached XP level 4. HP: 38/38 MP: 4/4
  1959 | Sewer    | Reached skill level 5 in Polearms
  2199 | Sewer    | Reached XP level 5. HP: 44/45 MP: 5/5
  2326 | Sewer    | Reached skill level 6 in Polearms
  2740 | D:3      | Killed Sigmund
  2741 | D:3      | Reached skill level 7 in Polearms
  2741 | D:3      | Reached XP level 6. HP: 39/51 MP: 6/6
  2881 | D:3      | Noticed Ijyb
  2903 | D:3      | Killed Ijyb
  3419 | D:3      | Found a hazy altar of Hepliaklqana.
  3848 | D:4      | Reached skill level 1 in Evocations
  3873 | D:4      | Identified the +2 dagger "Guuwnaef" {drain, Fly rN+ Str-2
                  | Stlth+}
  4070 | D:4      | Found a sand-covered staircase.
  4137 | Ossuary  | Entered an ossuary
  4206 | Ossuary  | Reached skill level 8 in Polearms
  4206 | Ossuary  | Reached XP level 7. HP: 42/57 MP: 7/7
  4839 | D:4      | Found a hide-covered altar of Uskayaw.
  5340 | D:5      | Entered Level 5 of the Dungeon
  5340 | D:5      | Noticed a troll
  5576 | D:5      | Reached skill level 9 in Polearms
  5620 | D:5      | Identified the +0 plate armour of Plasticity {Harm Int+2}
  5679 | D:5      | Reached XP level 8. HP: 54/63 MP: 8/8
  6010 | D:5      | Reached skill level 1 in Maces & Flails
  6158 | D:5      | Noticed Dowan
  6159 | D:5      | Noticed Duvessa
  6174 | D:5      | Killed Duvessa
  6216 | D:5      | Killed Dowan
  6368 | D:5      | Slain by a troll

Illustrated notes

Levels and vault maps discovered:
D:1:      dpeg_arrival_rhombi, layout_rooms, serial_shops, shop
D:2:      layout_basic, dreamdust_ecumenical_altar_statues, st_stairs_6,
          uniq_crazy_yiuf_cottage
D:3:      layout_basic, mainiacjoe_overflow_alcove_2,
          cheibrodos_sewer_entry_drain, minmay_misc_feat_columns,
          minmay_pentangle, uniq_ijyb, uniq_sigmund
D:4:      layout_loops_ring, nicolae_uskayaw_dance_hall,
          nicolae_ossuary_entry_giza, minmay_misc_feat_secret_circle
D:5:      layout_loops_corners, minmay_fractal_squares_gapless_5, uniq_duvessa

Skill      XL: |  1  2  3  4  5  6  7  8 |
---------------+-------------------------+-----
Polearms       | 4 5 7 8 9 |  9.6
Evocations     | 2 3 4 |  4.0
Maces & Flails | 4 |  4.1
Fighting       | |  3.2
Dodging        | |  2.1

Action                     |  1- 3 |  4- 6 |  7- 9 || total
---------------------------+-------+-------+-------++-------
  Melee: Spear             |   153 |   258 |       ||   411
         Whip              |       |    45 |   303 ||   348
    Use: Scroll            |       |       |     6 ||     6
         Potion            |       |       |     3 ||     3
 Armour: Robe              |    43 |       |       ||    43
         Plate armour      |    57 |   241 |   325 ||   623
  Dodge: Dodged            |    38 |    30 |    44 ||   112

Table legend: (Time is in decaauts)
 A = Elapsed time spent in this place.
 B = Non-inter-level travel time spent in this place.
 C = Inter-level travel time spent in this place.
 D = Time resting spent in this place.
 E = Time spent auto-exploring this place.
 F = Levels seen in this place.
 G = Mean time per level.
                   A        B        C        D        E       F      G
               +--------+--------+--------+--------+--------+-----+--------+
         Total |   6339 |   6154 |    185 |    803 |   3614 |   7 |  905.6 |
       Dungeon |   5063 |   4878 |    185 |    650 |   3161 |   5 | 1012.6 |
         Sewer |    797 |    797 |      0 |     84 |    453 |   1 |  797.0 |
       Ossuary |    479 |    479 |      0 |     69 |      0 |   1 |  479.0 |
               +--------+--------+--------+--------+--------+-----+--------+

Top non-repeatable levels by time:
     D:3: 1346 daAuts
     D:2: 1175 daAuts
     D:4: 1127 daAuts
     D:5: 891 daAuts
   Sewer: 797 daAuts
     D:1: 523 daAuts
 Ossuary: 479 daAuts
